 Dungeon Crawl Stone Soup version 0.32-a0-12-g7fc57aa741 (webtiles) character file.

Game seed: 14799867047040511957

332 croobank the Sneak (level 6, -8/33 HPs)
             Began as a Felid Delver on Jan 14, 2024.
             Mangled by a sleepcap (21 damage)
             ... on level 5 of the Dungeon.
             The game lasted 00:11:34 (3508 turns).

croobank the Sneak (Felid Delver)                   Turns: 3508, Time: 00:11:34

Health: -8/33      AC:  2    Str:  8    XL:     6   Next: 26%
Magic:  7/7        EV:  4    Int: 16    God:
Gold:   57         SH:  0    Dex: 17    Spells: 5/5 levels left
                                        Lives:  0   Deaths: 2

rFire   . .          .
                       - Unarmed
rCold   . . .        (shield unavailable)
rNeg    . . .        (body armour unavailable)
rPois   .            (helmet unavailable)
rElec   .            (cloak unavailable)
rCorr   .            (gloves unavailable)
SInv    +            (boots unavailable)
Will    .....        (no amulet)
Stlth   ++++         (no ring)
HPRegen 0.25/turn    (no ring)
MPRegen 0.10/turn

%: no passive effects
@: brilliant, beast-form, sleeping
A: beast (slay +0), very small, claws 1, fangs 3, see invisible, shaggy fur 2,
stealthy paws, no weapons or thrown items, no armour, multi-lived
a: Begin Untransformation


You were on level 5 of the Dungeon.
You were a hulking beast.
You visited 2 branches of the dungeon, and saw 6 of its levels.

You collected 229 gold pieces.
You spent 172 gold pieces at shops.

Inventory:

Talismans
 r - a beast talisman (active)
Wands
 e - a wand of digging (2)
 f - a wand of polymorph (1)
Scrolls
 a - a scroll of fog
 g - a scroll of silence
 i - 4 scrolls of enchant armour
 j - 2 scrolls of noise
 k - 2 scrolls of revelation
 l - a scroll of amnesia {unknown}
 m - 2 scrolls of enchant weapon {unknown}
 p - a scroll of brand weapon {unknown}
 q - a scroll of teleportation {unknown}
Potions
 n - 2 potions of attraction


   Skills:
 + Level 4.2 Fighting
 + Level 4.8 Dodging
 - Level 7.5 Stealth
 + Level 3.6 Unarmed Combat
 * Level 1.6 Shapeshifting


You had 5 spell levels left.
You didn't know any spells.
Your spell library was empty.

Dungeon Overview and Level Annotations

Branches:
Dungeon (5/15)             Temple (1/1) D:4

Altars:
Cheibriados
Dithmenos
Elyvilon
Fedhas
Gozag
Makhleb
Nemelex Xobeh
Okawaru
Qazlal
Ru
Trog
Uskayaw
Vehumet
Wu Jian
Xom
Zin
The Shining One

Shops:
D:3 ?(*:

Annotations:
D:3 3 runed translucent doors, Pokonic1's ghost, weakling DsFi


Innate Abilities, Weirdness & Mutations

You are a hulking beast.
Your limbs bulge with bestial killing power. (Slay +0)
You have sharp claws.
You have razor-sharp teeth.
You have supernaturally acute eyesight. (SInv)
You are covered in thick fur. (AC +2)
Your paws help you pounce on unaware monsters.
You are incapable of wielding weapons or throwing items.
You cannot wear armour.
You gain extra lives every three experience levels.


Message History

The orc is severely wounded.
The orc misses you.
You barely miss the orc. You bite the orc.
The orc is almost dead.
The orc closely misses you.
You scratch the orc.
You kill the orc!
You see here a +0 giant club.
b - a dark potion
Found 2 stones.
Found a stone staircase leading up.
A sleepcap is nearby!
Found a leather armour.
The sleepcap releases spores at you.
You scratch the sleepcap but do no damage.
The sleepcap releases spores at you.
You are engulfed in a cloud of soporific spores!
You fall asleep.
The sleepcap releases spores at you!
You wake up.
You are engulfed in a cloud of soporific spores!
You are unaffected.
You are too injured to fight recklessly!
As you read the scroll of fog, it dissolves into smoke.
The sleepcap releases spores at you!
* * * LOW HITPOINT WARNING * * *
You are engulfed in a cloud of soporific spores!
You are unaffected.
The sleepcap attacks as it pursues you! The sleepcap barely misses you.
You feel better. The sleepcap misses you.
Okay, then.
It was a potion of brilliance.
You feel clever all of a sudden. The sleepcap releases spores at you.
You are engulfed in a cloud of soporific spores!
You fall asleep.
The sleepcap closely misses you. The sleepcap barely misses you.
The sleepcap releases spores at you!!
Ouch! That really hurt!
You die...

...#'#'#.#* #.*##.#*
##..## **#..O...##
#.*#..* ###..# *
######<.###.##.#* ####.#
* *** ##.O.....[# ####.#
* *,***#.$.§§§..# ####..
* *,,,*#...§§§§.# ##. *
*,,,*#?..§§§§§# ##.
**,,....$.§§f§#### ##.<
***#......§§h...## ##.#.
######.§§.§...### ##.###
*..............#####.###
*......(...##..........##
#.........$###......##..#
#.......<..# #......###..
############ #......# ###
#......# # ########


You could see a sleepcap.

Vanquished Creatures
  A phantom (D:4)
  A bombardier beetle (D:5)
  2 hounds (D:5)
  An orc wizard (D:5)
  5 adders
  A shadow imp (D:5)
  A white imp (D:5)
  2 adder zombies (D:5)
  A ribbon worm (D:2)
  4 orcs
  5 ball pythons
  5 endoplasms
  6 giant cockroaches
  6 goblins
  8 hobgoblins
  2 kobolds
  6 quokkas
  7 bats
  4 frilled lizards
  4 rats
72 creatures vanquished.

Notes
Turn   | Place    | Note
-------+----------+-------------------------------------------
     0 | D:5      | croobank the Felid Delver began the quest for the Orb.
     0 | D:5      | Reached XP level 1. HP: 12/12 MP: 2/2
     6 | D:5      | Noticed an orc wizard
     6 | D:5      | Noticed an orc priest
     7 | D:5      | Noticed an ogre
    13 | D:5      | Killed from afar by an orc priest
    13 | D:5      | Lost a life (0 lives remaining)
    38 | D:4      | Reached XP level 2. HP: 16/16 MP: 3/3
   363 | D:1      | Reached XP level 3. HP: 20/20 MP: 4/4
   936 | D:2      | Reached skill level 7 in Stealth
  1648 | D:3      | Found a runed translucent gate.
  1686 | D:3      | Found Xinoruf's Weapon Shop.
  1728 | D:3      | Found Erenaank's Magic Scroll Boutique.
  1768 | D:3      | Bought a scroll of identify for 22 gold pieces
  1769 | D:3      | Bought 3 scrolls of identify for 66 gold pieces
  1769 | D:3      | Bought a scroll of fog for 44 gold pieces
  1824 | D:3      | Reached XP level 4. HP: 9/24 MP: 5/5
  1824 | D:3      | Gained a life (1 life remaining)
  2056 | D:3      | Noticed Pokonic1's ghost (weakling DsFi)
  2200 | D:3      | Found Nulicliy's Assorted Antiques.
  2207 | D:3      | Bought a scroll of identify for 40 gold pieces
  2296 | D:3      | Found a runed translucent gate.
  2296 | D:3      | Found a runed translucent gate.
  2360 | D:3      | Found Odozaz's Book Shoppe.
  2595 | D:4      | Noticed a phantom
  2611 | D:4      | Killed a phantom
  2612 | D:4      | Reached XP level 5. HP: 17/29 MP: 6/6
  2678 | D:4      | Found a shimmering altar of Xom.
  2867 | D:4      | Found a blossoming altar of Fedhas.
  2872 | D:4      | Found a staircase to the Ecumenical Temple.
  2886 | Temple   | Entered the Ecumenical Temple
  2976 | D:4      | Noticed a +0 short sword
  2976 | D:4      | Noticed a +0 spear
  2976 | D:4      | Noticed a +0 spear
  2977 | D:4      | Noticed a +0 falchion
  2977 | D:4      | Noticed a +0 dagger
  2978 | D:4      | Noticed a +0 dagger
  2979 | D:4      | Noticed a +0 short sword
  2980 | D:4      | Noticed a +0 falchion
  2992 | D:4      | Found a hide-covered altar of Uskayaw.
  3161 | D:5      | Noticed an ogre
  3219 | D:5      | Reached skill level 1 in Shapeshifting
  3239 | D:5      | Gained mutation: You are covered in thick fur. (AC +2)
                  | [Felid growth]
  3239 | D:5      | Reached XP level 6. HP: 29/33 MP: 7/7
  3353 | D:5      | HP: 1/33 [orc priest/divine providence (10)]
  3354 | D:5      | Killed from afar by an orc priest
  3354 | D:5      | Lost a life (0 lives remaining)
  3508 | D:5      | Mangled by a sleepcap

Illustrated notes

Levels and vault maps discovered:
D:1:      dpeg_arrival_short_road, layout_loops_ring, minivault_24
D:2:      layout_loops_corners, kennysheep_small_spiral, hangedman_decor_push
D:3:      layout_basic, serial_shops, nicolae_book_shop_shelving,
          nicolae_shop_back_alley_shop, shop_scrolls, shop_fountains,
          gammafunk_ghost_icy, minmay_splitting_lines
D:4:      layout_cave_pools, led_xom_imps, nicolae_uskayaw_en_pointe,
          nicolae_overflow_hidden_temple, minmay_temple_entry_butterflies
D:5:      layout_rooms, kennysheep_mini, mainiacjoe_ossuary_entry_find_the_door
Temple:   dpeg_chambers_temple

Skill      XL: |  1  2  3  4  5 |
---------------+----------------+-----
Dodging        | 3 4 |  4.8
Stealth        | 7 |  7.5
Unarmed Combat | 3 |  3.6
Fighting       | 4 |  4.2
Shapeshifting  | 1 |  1.6

Action                     |  1- 3 |  4- 6 || total
---------------------------+-------+-------++-------
  Melee: Unarmed           |    96 |   121 ||   217
         Bite              |     3 |    20 ||    23
         Punch             |     1 |     2 ||     3
  Evoke: Wand              |     1 |     2 ||     3
    Use: Scroll            |     4 |     7 ||    11
         Potion            |       |     8 ||     8
   Stab: Sleeping          |    20 |    10 ||    30
 Armour: Skin              |    23 |    33 ||    56
  Dodge: Dodged            |    52 |    76 ||   128
   Form: Beast             |       |     1 ||     1

Table legend: (Time is in decaauts)
 A = Elapsed time spent in this place.
 B = Non-inter-level travel time spent in this place.
 C = Inter-level travel time spent in this place.
 D = Time resting spent in this place.
 E = Time spent auto-exploring this place.
 F = Levels seen in this place.
 G = Mean time per level.
                   A        B        C        D        E       F      G
               +--------+--------+--------+--------+--------+-----+--------+
         Total |   3479 |   3354 |    125 |    374 |   2249 |   6 |  579.8 |
       Dungeon |   3448 |   3332 |    116 |    374 |   2249 |   5 |  689.6 |
        Temple |     31 |     22 |      9 |      0 |      0 |   1 |   31.0 |
               +--------+--------+--------+--------+--------+-----+--------+

Top non-repeatable levels by time:
     D:3: 943 daAuts
     D:2: 920 daAuts
     D:1: 638 daAuts
     D:4: 589 daAuts
     D:5: 356 daAuts
  Temple: 31 daAuts
